 Dungeon Crawl Stone Soup version 0.30-a0-757-ga6a79fd877 (webtiles) character file.

Game seed: 4651049635533657737

46 kingofthe the Conjurer (level 3, -2/21 HPs)
             Began as an Octopode Conjurer on Feb 10, 2023.
             Slain by Terence
             ... wielding a +0 flail of pain
              (8 damage)
             ... on level 2 of the Dungeon.
             The game lasted 00:04:03 (1657 turns).

kingofthe the Conjurer (Octopode Conjurer)          Turns: 1657, Time: 00:04:04

Health: -2/21      AC:  1    Str:  6    XL:     3   Next: 66%
Magic:  7/7        EV: 13    Int: 20    God:
Gold:   75         SH:  0    Dex: 12    Spells: 4/7 levels left

rFire   . . .      SeeInvis +    g - +1 whip (elec)
rCold   . . .      Faith    .    (no shield)
rNeg    . . .      Spirit   .    (helmet restricted)
rPois   .          Reflect  .    (no amulet)
rElec   .          Harm     .    j - ring of see invisible
rCorr   .          Rampage  .    (no ring)
Will    .....                    (no ring)
Stlth   +                        (no ring)
HPRegen 0.23/turn                (no ring)
MPRegen 0.10/turn                (no ring)
                                 (no ring)
                                 (no ring)

@: confused, silenced, ambrosia-drunk
A: almost no armour, amphibious, 8 rings, camouflage 1, gelatinous body 1,
(nimble swimmer 1), tentacles
a: no special abilities


You were on level 2 of the Dungeon.
You visited 1 branch of the dungeon, and saw 2 of its levels.

You collected 75 gold pieces.

Inventory:

Hand Weapons
 g - a +1 whip of electrocution (weapon)
 k - a +1 dagger of speed
Jewellery
 j - a ring of see invisible (left tentacle)
Scrolls
 h - a scroll of enchant weapon {unknown}
Potions
 a - a potion of magic
 b - a potion of heal wounds {unknown}
 e - a potion of mutation
 i - a potion of haste {unknown}
 l - a potion of degeneration {unknown}


   Skills:
 + Level 2.4 Dodging
 + Level 3.4 Stealth
 * Level 2.7 Spellcasting
 + Level 4.2 Conjurations


You had 4 spell levels left.
You knew the following spells:

 Your Spells              Type           Power      Damage    Failure   Level
a - Magic Dart            Conj           76%        1d6       2%          1
b - Searing Ray           Conj           38%        2d5       3%          2

Your spell library contained the following spells:

 Spells                   Type           Power      Damage    Failure   Level
 Dazzling Flash           Conj/Hex       22%        N/A       19%         3
 Ignite Poison            Fire/Tmut/Pois 2%         N/A       41%         3
 Fulminant Prism          Conj/Hex       5%         3d7       52%         4
 Iskenderun's Mystic Bla  Conj/Tloc      11%        2d4       52%         4
 Sticky Flame             Conj/Fire      11%        2d3       52%         4
 Iskenderun's Battlesphe  Conj           19%        2d7       56%         5
 Iron Shot                Conj/Erth      5%         9d2       100%        6
 Spellforged Servitor     Conj/Summ      5%         N/A       100%        7
 Ignition                 Fire           1%         3d3       100%        8


Dungeon Overview and Level Annotations

Branches:
Dungeon (2/15)

Altars:

Annotations:
D:2 Robin, Terence


Innate Abilities, Weirdness & Mutations

You cannot wear most types of armour.
You are amphibious.
You can wear up to eight rings at the same time.
Your skin changes colour to match your surroundings (Stealth+).
Your rubbery body absorbs attacks. (AC +1, EV +1)
((You are camouflaged when in or above water. (Stealth+)))
You have tentacles for arms and can constrict up to eight enemies at once.


Message History

A hobgoblin comes into view.
Robin throws the goblin at you!
The goblin hits you with a +0 dagger of protection.
The goblin attacks as you move away! The goblin misses you.
There is an open door here.
The goblin attacks as you move away!
The goblin hits you with a +0 dagger of protection.
The goblin attacks as you move away!
The goblin hits you with a +0 dagger of protection.
A goblin comes into view. It is wielding a +0 dagger.
The goblin shouts!
The goblin unwields a +0 dagger.
The goblin wields a +0 sling.
The goblin shoots a sling bullet.
The sling bullet hits you but does no damage.
Terence shouts!
The goblin attacks as you move away! The goblin closely misses you.
The goblin shoots a sling bullet.
The sling bullet barely misses you.
The goblin unwields a +0 sling.
The goblin wields a +0 dagger.
The goblin hits you but does no damage.
As you read the scroll labelled KIRANOPH YCLIH, it crumbles to dust.
It is a scroll of identify.
e - a potion of mutation The goblin hits you with a +0 dagger of protection.
Terence misses you. The goblin hits you with a +0 dagger.
* * * LOW HITPOINT WARNING * * *
Okay, then.
Okay, then.
As you read the scroll labelled JOROTHR QURIME, it crumbles to dust.
A profound silence engulfs you.
It was a scroll of silence.
Terence closely misses you.
The goblin hits you with a +0 dagger of protection.
* * * LOW HITPOINT WARNING * * *
The goblin hits you with a +0 dagger.
* * * LOW HITPOINT WARNING * * *
Magic scrolls do not work when you're silenced!
It was a potion of ambrosia.
You are confused.
You feel invigorated.
Terence hits you with a +0 flail of pain!
You die...

#.# #.# ####### #.# #.# ####
#.....# #####.# #.# ...# #.....#
#.....# #.# ...#
#.....#####.##### #.# ...###
#.....g..g#.# #.#### .....#
#..†..###g#.# #.#...
.....#####'### #g#.# #.#.##
........##.# #@#.### #.#.#
........##.# #@g...# #.#.#
........##.#.........# #.#.#
........##.'..g......# #.#.##
........####†........# #####.#..†
.....##<####.........# #.....###.
...................#.# #.##### #.
######...##....###.#.# #.#######.
######...##...g#...#.###.#.......


You could see Terence, Robin and 4 goblins.

Vanquished Creatures
  2 adders (D:2)
  A dart slug (D:1)
  2 ball pythons (D:2)
  3 endoplasms
  6 goblins (D:2)
  2 hobgoblins (D:2)
  A quokka (D:1)
  A bat (D:1)
  3 frilled lizards
  3 rats (D:1)
24 creatures vanquished.

Notes
Turn   | Place    | Note
-------+----------+-------------------------------------------
     0 | D:1      | kingofthe the Octopode Conjurer began the quest for the
                  | Orb.
     0 | D:1      | Reached XP level 1. HP: 11/11 MP: 3/3
   369 | D:1      | Reached XP level 2. HP: 17/17 MP: 3/5
   372 | D:1      | Learned a level 2 spell: Searing Ray
   957 | D:2      | Noticed Robin
  1137 | D:2      | Noticed Terence
  1249 | D:2      | Reached XP level 3. HP: 5/21 MP: 0/6
  1657 | D:2      | Slain by Terence

Illustrated notes

Levels and vault maps discovered:
D:1:      minmay_arrival_hallway, layout_basic, chequers_serial_rivers_micro_a
D:2:      layout_basic, kennysheep_generic_room_16, uniq_terence, uniq_robin

Skill      XL: |  1  2 |
---------------+-------+-----
Stealth        | 3 |  3.4
Dodging        | |  2.4
Spellcasting   | |  2.7
Conjurations   | |  4.2

Action                     || total
---------------------------++-------
  Melee: Whip              ||     6
         Tentacles         ||     1
   Cast: Magic Dart        ||    38
         Searing Ray       ||     4
    Use: Scroll            ||     2
         Potion            ||     1
 Armour: Skin              ||     3
  Dodge: Dodged            ||     9

Table legend: (Time is in decaauts)
 A = Elapsed time spent in this place.
 B = Non-inter-level travel time spent in this place.
 C = Inter-level travel time spent in this place.
 D = Time resting spent in this place.
 E = Time spent auto-exploring this place.
 F = Levels seen in this place.
 G = Mean time per level.
                   A        B        C        D        E       F      G
               +--------+--------+--------+--------+--------+-----+--------+
         Total |   1656 |   1608 |     48 |    111 |   1319 |   2 |  828.0 |
       Dungeon |   1656 |   1608 |     48 |    111 |   1319 |   2 |  828.0 |
               +--------+--------+--------+--------+--------+-----+--------+

Top non-repeatable levels by time:
     D:1: 861 daAuts
     D:2: 795 daAuts
